 Dungeon Crawl Stone Soup version 0.14-a0-1969-g2c76abe (webtiles) character file.

7412 Kae the Covert (level 10, -6/41 (44) HPs)
             Began as a Spriggan Enchanter on Jan 17, 2014.
             Was a Follower of Dithmengos.
             Mangled by frappeman's ghost (22 damage)
             ... on Level 10 of the Dungeon.
             The game lasted 00:21:23 (9085 turns).

Kae the Covert (Spriggan Enchanter)                 Turns: 9085, Time: 00:21:24

HP  -6/41 (44)   AC  5     Str  7      XL: 10   Next: 79%
MP   7/30        EV 18     Int 16      God: Dithmengos [*.....]
Gold 508         SH  0     Dex 18      Spells:  3 memorised, 20 levels left

rFire  . . .     SeeInvis +     a - +1 dagger
rCold  + . .     Clarity  .     f - +2 elf robe {rC+}
rNeg   . . .     Conserve .     (shield restricted)
rPois  .         rCorr    .     (helmet restricted)
rElec  .         rRot     .     i - +0 cloak
SustAb . .       Spirit   .     (gloves unavailable)
rMut   .         Warding  .     (boots unavailable)
Saprov . . .     Stasis   .     (no amulet)
MR     +....                    D - ring of hunger
                                B - ring of flight

@: mildly poisoned, wreathed by umbra, very quick, somewhat resistant to hostile
enchantments, uncannily stealthy
A: unfitting armour, see invisible, herbivore 3, speed 3, slow metabolism 2
a: Renounce Religion, Evoke Flight


You were on level 10 of the Dungeon.
You worshipped Dithmengos.
Dithmengos was aware of your devotion.
You were very full.

You visited 2 branches of the dungeon, and saw 11 of its levels.

You collected 508 gold pieces.

Inventory:

Hand weapons
 a - a +1,+1 dagger (weapon)
Missiles
 b - 5 tomahawks
 d - 12 darts (quivered)
Armour
 f - a +2 elven robe of cold resistance (worn)
 i - a +0 cloak (worn)
Magical devices
 t - a wand of teleportation (4)
 u - a wand of magic darts (12)
 J - a wand of frost (7)
 M - a wand of paralysis (8)
Comestibles
 r - 5 bread rations
 w - an apple
 z - 2 honeycombs
 A - 11 grapes
 F - an orange
Scrolls
 h - a scroll of fear
 k - a scroll of teleportation
 q - 3 scrolls of fog
 y - 2 scrolls of magic mapping
Jewellery
 g - an uncursed ring of fire
 l - an uncursed amulet of clarity
 B - a ring of flight (left hand)
 D - a ring of hunger (right hand)
 G - an uncursed ring of poison resistance
Potions
 j - 5 potions of heal wounds
 n - 3 potions of restore abilities
 o - a potion of might {unknown}
 p - 2 potions of flight
 v - 2 potions of resistance {unknown}
 C - a potion of confusion {unknown}
 K - a potion of porridge
 L - a potion of poison {unknown}
Books
 c - a book of Maledictions

   Spells                             Type                      Level
   *Corona                            Hexes                        1
   Sure Blade                         Hexes/Charms                 2
   *Ensorcelled Hibernation           Hexes/Ice                    2
   *Confuse                           Hexes                        3
   Enslavement                        Hexes                        4
   Invisibility                       Hexes                        6


   Skills:
 * Level 10.3 Short Blades
 - Level 1.1 Throwing
 - Level 3.0 Dodging
 * Level 14.3 Stealth
 + Level 8.6 Spellcasting
 + Level 9.2 Hexes


You had 20 spell levels left.
You knew the following spells:

 Your Spells              Type           Power        Failure   Level  Hunger
a - Corona                Hex            #####..      1%          1    None
b - Ensorcelled Hibernat  Hex/Ice        ###...       2%          2    None
c - Confuse               Hex            #####...     1%          3    ##.....


Dungeon Overview and Level Annotations

Branches:
Dungeon (10/16)            Temple (1/1) D:4
    Orc: D:9-12        Lair: D:8-11

Altars:
Ashenzari
Cheibriados
Dithmengos
Elyvilon
Fedhas
Kikubaaqudgha
Makhleb
Nemelex Xobeh
Okawaru
Sif Muna
Trog
Vehumet
Xom
Yredelemnul
Zin
the Shining One

Annotations:
D:4 4tharraofdagon's ghost, average TrMo
D:10 frappeman's ghost, experienced DsBe


Innate Abilities, Weirdness & Mutations

You are tiny and cannot use many weapons and most armour.
You have supernaturally acute eyesight.
You are a herbivore.
You cover ground extremely quickly.
You need consume almost no food.


Message History

Casting: Ensorcelled Hibernation
Confirm with . or Enter, or press ? or * to list all spells.
Aiming: Ensorcelled Hibernation
Press: ? - help, Shift-Dir - straight line, f - orc
Aim: an orc, wielding an orcish whip (umbra)
The orc looks drowsy...
The helpless orc fails to defend itself.
You spit the orc like a pig!!!!
You kill the orc!
Dithmengos accepts your kill.
Casting: Ensorcelled Hibernation
Confirm with . or Enter, or press ? or * to list all spells.
Aiming: Confuse
Press: ? - help, Shift-Dir - straight line, f - frappeman's ghost
Aim: frappeman's ghost Frappeman's ghost appears confused.
You hit frappeman's ghost but do no damage.
You feel sick. Frappeman's ghost hits you!
Ouch! That really hurt!
You die...

# ######### #####'###
........# #........
.......<.# #)).......
.........####.........
..........##.'.........
+..........)).#........
#........@p####........
#........%.# #........
#..........# #.....?.
#..........# #######
#..........#
#####'###### ### #...#
..# ####'### ..#
#......#


You could see frappeman's ghost (confused).

Vanquished Creatures
  Fannar (D:10)
  Pikel (D:6)
  The ghost of 4tharraofdagon the Arsonist, an experienced DjFE (D:7)
  Psyche (D:8)
  A hungry ghost (D:7)
  2 humans (D:6)
  2 necrophages
  5 sky beasts
  A phantom (D:7)
  2 ice beasts
  4 orc warriors
  4 ogres
  2 yellow wasps (D:8)
  4 slaves (D:6)
  The ghost of Kae the Vexing, an average SpEn (D:3)
  5 centaurs
  2 water moccasins
  3 giant frogs
  3 killer bees (D:7)
  3 goliath beetles
  A troll zombie (D:8)
  9 crimson imps
  A wight (D:8)
  4 hounds
  2 iguanas
  3 jellies
  5 orc wizards
  5 human zombies (D:8)
  6 orc priests
  A spider (D:8)
  A two-headed ogre skeleton (D:7)
  A black bear skeleton (D:9)
  3 worker ants
  A human skeleton (D:8)
  5 scorpions
  A sky beast zombie (D:7)
  2 mummies
  A worker ant zombie (D:6)
  7 gnolls
  A hound skeleton (D:4)
  7 adders
  2 giant mites
  An inept item mimic (D:8)
  6 worms
  An iguana zombie (D:7)
  An adder skeleton (D:4)
  5 giant geckos
  40 orcs
  3 ball pythons
  12 bats
  6 giant cockroaches
  11 goblins
  18 hobgoblins
  10 jackals
  8 kobolds
  An ooze (D:4)
  2 quokkas
  A giant gecko zombie (D:8)
  4 giant newts
  A goblin skeleton (D:4)
  A kobold skeleton (D:5)
  An orc skeleton (D:5)
  2 orc zombies (D:8)
  A quokka zombie (D:6)
  14 rats
267 creatures vanquished.

Notes
Turn   | Place    | Note
--------------------------------------------------------------
     0 | D:1      | Kae, the Spriggan Enchanter, began the quest for the Orb.
     0 | D:1      | Reached XP level 1. HP: 9/9 MP: 4/4
   182 | D:1      | Reached XP level 2. HP: 13/13 MP: 7/7
   190 | D:1      | Learned a level 2 spell: Ensorcelled Hibernation
   589 | D:2      | Reached XP level 3. HP: 4/16 MP: 7/10
   951 | D:2      | Reached skill level 4 in Hexes
  1144 | D:2      | Reached XP level 4. HP: 14/21 MP: 8/13
  1273 | D:3      | Noticed an ice beast
  1504 | D:1      | Learned a level 3 spell: Confuse
  1661 | D:2      | Killed an ice beast
  1661 | D:2      | Reached skill level 5 in Stealth
  1661 | D:2      | Reached XP level 5. HP: 14/24 MP: 10/17
  2093 | D:3      | Noticed Kae's ghost (average SpEn)
  2115 | D:3      | Killed Kae's ghost
  2115 | D:3      | Reached skill level 6 in Stealth
  2115 | D:3      | Reached XP level 6. HP: 28/28 MP: 10/20
  2129 | D:3      | Found a sparkling altar of Nemelex Xobeh.
  2192 | D:3      | Found a radiant altar of Vehumet.
  2393 | D:3      | Reached skill level 5 in Hexes
  2799 | D:4      | Noticed 4tharraofdagon's ghost (average TrMo)
  3085 | D:4      | Found a staircase to the Ecumenical Temple.
  3098 | Temple   | Entered the Ecumenical Temple
  3541 | D:4      | Reached XP level 7. HP: 32/32 MP: 6/21
  3659 | D:4      | Got a crude emerald amulet
  3809 | D:4      | Reached skill level 7 in Stealth
  4025 | D:5      | Entered Level 5 of the Dungeon
  4260 | D:5      | Reached skill level 5 in Short Blades
  4434 | D:5      | Reached skill level 8 in Stealth
  4577 | D:5      | Reached skill level 5 in Spellcasting
  4723 | D:5      | Reached XP level 8. HP: 27/36 MP: 24/24
  4790 | D:5      | Reached skill level 9 in Stealth
  4933 | D:6      | Found a blossoming altar of Fedhas.
  5054 | D:6      | Reached skill level 10 in Stealth
  5223 | D:6      | Identified the amulet "Isuador" {Gourm -Cast Dex+2 Int+3} (You found it on level 4 of the Dungeon)
  5276 | D:6      | Reached XP level 9. HP: 39/39 MP: 24/27
  5286 | D:6      | Noticed Pikel
  5310 | D:6      | Killed Pikel
  5310 | D:6      | Reached skill level 11 in Stealth
  5664 | D:7      | Noticed 4tharraofdagon's ghost (experienced DjFE)
  5701 | D:7      | Killed 4tharraofdagon's ghost
  5701 | D:7      | Reached skill level 12 in Stealth
  6864 | D:8      | Reached XP level 10. HP: 44/44 MP: 26/29
  6867 | D:8      | Noticed Psyche
  6883 | D:8      | Killed Psyche
  6883 | D:8      | Reached skill level 13 in Stealth
  7877 | D:8      | Found a basalt altar of Yredelemnul.
  7995 | D:9      | Found a shadowy altar of Dithmengos.
  7998 | D:9      | Found a burning altar of Makhleb.
  8002 | D:9      | Found a shattered altar of Ashenzari.
  8051 | D:9      | Became a worshipper of Dithmengos
  8759 | D:10     | Entered Level 10 of the Dungeon
  8768 | D:10     | Noticed Fannar
  8860 | D:10     | Killed Fannar
  8860 | D:10     | Reached skill level 10 in Short Blades
  8860 | D:10     | Reached skill level 14 in Stealth
  8972 | D:10     | Noticed frappeman's ghost (experienced DsBe)
  9085 | D:10     | Mangled by frappeman's ghost

Action                   |  1- 3 |  4- 6 |  7- 9 | 10-12 || total
-------------------------+-------+-------+-------+-------++-------
Melee: Dagger            |   121 |   188 |   295 |   218 ||   822
 Cast: Ensorcelled Hiber |    10 |    26 |    83 |    69 ||   188
       Confuse           |       |    15 |    18 |    18 ||    51
Evoke: Wand              |       |       |       |     5 ||     5
  Use: Potion            |       |     5 |     1 |     1 ||     7
       Scroll            |       |       |    11 |     9 ||    20
 Stab: Sleeping          |    17 |    22 |    76 |    61 ||   176
       Confused          |       |     6 |    11 |    11 ||    28
       Distracted        |       |     2 |     2 |     1 ||     5
